 Dungeon Crawl Stone Soup version 0.29.1-1-gd02db6906a (webtiles) character file.

Game seed: 12203718643277405043

14 Kold the Cudgeller (level 2, 26/26 HPs)
             Began as a Meteoran Fighter on Oct 18, 2022.
             Was a Follower of Kikubaaqudgha.
             Quit the game on level 1 of the Dungeon on Oct 19, 2022.
             The game lasted 00:00:50 (240 turns).

Kold the Cudgeller (Meteoran Fighter)                Turns: 240, Time: 00:00:51

Health: 26/26      AC:  6    Str: 17    XL:     2   Next: 76%
Magic:  3/3        EV:  9    Int:  9    God:    Kikubaaqudgha [*.....]
Gold:   23         SH:  5    Dex: 13    Spells: 1/1 levels left

rFire   . . .      SeeInvis .   a - +0 flail
rCold   . . .      Faith    .   c - +0 buckler
rNeg    . . .      Spirit   .   b - +0 scale mail
rPois   .          Reflect  .   (no helmet)
rElec   .          Harm     .   (no cloak)
rCorr   .          Rampage  .   (no gloves)
Will    .....                   (no boots)
Stlth   ..........              (no amulet)
HPRegen 0.08/turn               (no ring)
MPRegen 0.08/turn               (no ring)

@: glowing
A: sense surroundings 1, otherworldly, glowing, explore regen
a: Renounce Religion, Unearth Wretches


You were on level 1 of the Dungeon.
You worshipped Kikubaaqudgha.
Kikubaaqudgha was aware of your devotion.
You visited 1 branch of the dungeon, and saw 1 of its levels.

You collected 23 gold pieces.

Inventory:

Hand Weapons
 a - a +0 flail (weapon)
Armour
 b - a +0 scale mail (worn)
 c - a +0 buckler (worn)
Scrolls
 e - a scroll of teleportation {unknown}
 f - a scroll of vulnerability {unknown}
Potions
 d - a potion of might


   Skills:
 - Level 3.2 Fighting
 + Level 4.0 Maces & Flails
 - Level 3.6 Armour
 - Level 3.6 Shields


You had one spell level left.
You didn't know any spells.
Your spell library contained the following spells:

 Spells                   Type           Power      Damage    Failure   Level
 Necrotise                Necr           0%         1d4       87%         1
 Sublimation of Blood     Necr           0%         N/A       95%         2
 Anguish                  Hex/Necr       0%         N/A       100%        4
 Animate Dead             Necr           0%         N/A       100%        4


Dungeon Overview and Level Annotations

Branches:
Dungeon (1/15) Zot: 351

Altars:
Kikubaaqudgha


Innate Abilities, Weirdness & Mutations

You passively map a small area around you.
You are easily found by Zot.
You glow in the dark.
You regain HP and MP as you explore.


Message History

The golden eye pulsates ominously.
The ball python bites you. The ball python grabs you.
The ball python constricts you.
You closely miss the ball python.
The ball python bites you but does no damage.
The ball python constricts you. The ball python barely misses you.
The ball python constricts you.
You hit the ball python.
You kill the ball python!
Kikubaaqudgha accepts your kill.
No reachable target in view!
No reachable target in view!
A bat comes into view.
A bat is nearby!
The bat completely misses you.
You hit the bat but do no damage. The bat hits you but does no damage.
You block the bat's attack. The bat hits you but does no damage.
The bat hits you but does no damage. You block the bat's attack.
You barely miss the bat. You block the bat's attack.
The bat hits you but does no damage.
You closely miss the bat. The bat hits you but does no damage.
The bat barely misses you.
You sock the bat!
You kill the bat!
Kikubaaqudgha accepts your kill.
No target in view!
No target in view!
No target in view!
No target in view!
f - a scroll labelled OLLUTR JUSMEJA
Things that are here:
a +0 dagger; a dart slug corpse A bat comes into view.
Save game and exit?
Welcome back, Kold the Meteoran Fighter.
Kikubaaqudgha says: Spread unending torment and darkness!
Press ? for a list of commands and other information.
Are you sure you want to abandon this character and quit the game? (Confirm with "yes".)

##............##
#..####.#######
.############..#
#.....#..##....
......§§§...##.##
#.###.##.......
...≈≈≈§§§....#..###)#
#..#†##..##
..≈≈≈≈§§§....##.....#
##...###.#G
..≈≈(§§§≈...<##..####
##..# #.##
†§≈≈≈≈≈≈≈....##..#
#..# #...
§§§≈≈≈≈≈.....##..#
#..###...
............###.@#
##..##...
.############ #..#
#...#.## ## , #..#
#...#.#G # ,#..#
###....## ## ?.b#
#........ .# , ....#
#........ .# **#...#
#........ .# #...#
#........ ## *
#....†...


You could see a bat.

Vanquished Creatures
  A dart slug (D:1)
  An endoplasm (D:1)
  A giant cockroach (D:1)
  3 goblins (D:1)
  A hobgoblin (D:1)
  2 ball pythons (D:1)
  2 bats (D:1)
11 creatures vanquished.

Notes
Turn   | Place    | Note
-------+----------+-------------------------------------------
     0 | D:1      | Kold the Meteoran Fighter began the quest for the Orb.
     0 | D:1      | Reached XP level 1. HP: 19/19 MP: 2/2
    20 | D:1      | Reached skill level 3 in Maces & Flails
    82 | D:1      | Reached XP level 2. HP: 13/26 MP: 3/3
   165 | D:1      | Reached skill level 4 in Maces & Flails
   169 | D:1      | Noticed an eye of devastation
   171 | D:1      | Found a faded altar of an unknown god.
   172 | D:1      | Noticed a floating eye
   172 | D:1      | Noticed a great orb of eyes
   172 | D:1      | Noticed a golden eye
   177 | D:1      | Prayed at the altar of an unknown god.
   177 | D:1      | Became a worshipper of Kikubaaqudgha
   177 | D:1      | Reached * piety under Kikubaaqudgha
   177 | D:1      | Received a gift from Kikubaaqudgha
   240 | D:1      | Quit the game

Illustrated notes

Levels and vault maps discovered:
D:1:      lemuel_arrival_lava_pool, layout_rooms,
          hellmonk_ecumenical_altar_watching_god

Skill      XL: |  1  2 |
---------------+-------+-----
Maces & Flails | 3 4 |  4.0
Fighting       | |  3.2
Armour         | |  3.6
Shields        | |  3.6

Action                   || total
-------------------------++-------
Melee: Flail             ||    31
Armor: Scale mail        ||    16
Dodge: Dodged            ||    10
Block: Buckler           ||     9
